 Dungeon Crawl Stone Soup version 0.18-a0-1229-ge9a1a01 (webtiles) character file.

126 valsik64 the Gusty (level 5, -4/28 HPs)
             Began as a Tengu Air Elementalist on Feb 4, 2016.
             Slain by Duvessa
             ... wielding a +0 rapier
              (15 damage)
             ... on level 4 of the Dungeon.
             The game lasted 00:12:11 (3046 turns).

valsik64 the Gusty (Tengu Air Elementalist)         Turns: 3046, Time: 00:12:11

Health: -4/28      AC:  2    Str:  8    XL:     5   Next: 10%
Magic:  1/9        EV: 13    Int: 17    God:
Gold:   149        SH:  0    Dex: 14    Spells: 1 memorised, 7 levels left

rFire  . . .     SeeInvis .     h - +2 whip (venom)
rCold  . . .     Gourm    .     a - +0 robe
rNeg   . . .     Faith    .     (no shield)
rPois  .         Spirit   .     (helmet restricted)
rElec  .         Dismiss  .     (no cloak)
rCorr  .         Reflect  .     (no gloves)
SustAt +         Harm     .     (boots unavailable)
MR     .....                    x - amulet of magic regeneration
Stlth  ++........               (no ring)
                                y - ring of sustain attributes

@: not resistant to hostile enchantments, unstealthy
A: beak, talons 3, able to fly 1
a: Fly


You were on level 4 of the Dungeon.
You were not hungry.

You visited 1 branch of the dungeon, and saw 4 of its levels.

You collected 149 gold pieces.

Inventory:

Hand Weapons
 h - a +2 whip of venom (weapon)
 r - a +0 blowgun
Missiles
 m - 63 stones (quivered)
 s - 7 poisoned needles
Armour
 a - a +0 robe (worn)
Jewellery
 x - an amulet of magic regeneration (around neck)
 y - a ring of sustain attributes (left hand)
Wands
 o - a wand of polymorph (15/24)
Scrolls
 d - 3 scrolls of magic mapping {unknown}
 e - 2 scrolls of enchant armour {unknown}
 f - 4 scrolls of identify
 g - a scroll of blinking {unknown}
 l - 3 scrolls of fog {unknown}
 n - 2 scrolls of immolation {unknown}
 p - a scroll of remove curse {unknown}
 q - 2 scrolls of teleportation {unknown}
 t - a scroll of enchant weapon {unknown}
 w - a scroll of fear {unknown}
Potions
 i - a potion of brilliance
 j - a potion of heal wounds
 u - a potion of flight
Books
 b - a book of Air

   Spells                             Type                      Level
   a - Shock                          Conjuration/Air              1
   b - Swiftness                      Charms/Air                   2
   c - Repel Missiles                 Charms/Air                   2
   d - Static Discharge               Conjuration/Air              3
   e - Lightning Bolt                 Conjuration/Air              5
Comestibles
 c - 3 bread rations
 k - 10 fruits


   Skills:
 + Level 0.0 Fighting
 - Level 2.5 Dodging
 - Level 2.0 Stealth
 - Level 2.1 Spellcasting
 + Level 4.5 Conjurations
 + Level 5.5 Air Magic


You had 7 spell levels left.
You knew the following spells:

 Your Spells              Type           Power        Failure   Level  Hunger
a - Shock                 Conj/Air       ###.         2%          1    #......


Dungeon Overview and Level Annotations

Branches:
Dungeon (4/15)
 Temple: D:4-7

Altars:
Dithmenos
Elyvilon
Fedhas
Okawaru
Ru

Annotations:
D:4 Dowan, Duvessa


Innate Abilities, Weirdness & Mutations

You have a beak for a mouth.
You have claws for feet.
You can fly.


Message History

Aiming: Shock
Press: ? - help, Shift-Dir - straight line, f/p - Duvessa
Aim: Duvessa, wielding a rapier and wearing a ring mail (almost dead)
The zap hits Duvessa.
Duvessa is almost dead.
The zap hits Duvessa.
Duvessa appears unharmed.
Duvessa is almost dead.
Duvessa hits you with a rapier!
Casting: Shock
Confirm with . or Enter, or press ? or * to list all spells.
Aiming: Shock
Press: ? - help, Shift-Dir - straight line, f/p - Duvessa
Aim: Duvessa, wielding a rapier and wearing a ring mail (almost dead)
The zap hits Duvessa.
Duvessa is almost dead.
The zap hits Duvessa.
Duvessa is almost dead.
Duvessa hits you with a rapier!
Ouch! That really hurt!
You die...

#.....................
#.....................
#.....................
######..###.....##########
#.......##########.
...................
...................
.........e........
.........@........
#..##.####...#### # #.. #.
###...##.##.. #. ..
#............ ...
#............ ...
#............
####..##.######+#
#.##..##.##.##..######
#.....#..............#


You could see Duvessa.

Vanquished Creatures
  3 adders
  4 worms
  2 giant geckos
  4 orcs (D:3)
  5 giant cockroaches
  10 goblins
  8 hobgoblins
  8 jackals
  2 quokkas (D:3)
  3 ball pythons
  9 bats
  3 giant newts
  8 kobolds
  10 rats
79 creatures vanquished.

Vanquished Creatures (others)
  A bat (D:2)
1 creature vanquished.

Grand Total: 80 creatures vanquished

Notes
Turn   | Place    | Note
--------------------------------------------------------------
     0 | D:1      | valsik64 the Tengu Air Elementalist began the quest for the Orb.
     0 | D:1      | Reached XP level 1. HP: 10/10 MP: 4/4
   460 | D:1      | Reached XP level 2. HP: 15/15 MP: 4/6
   836 | D:2      | Reached XP level 3. HP: 17/19 MP: 3/7
   960 | D:2      | Found a shadowy altar of Dithmenos.
   962 | D:2      | Found an iron altar of Okawaru.
   963 | D:2      | Found a sacrificial altar of Ru.
  1092 | D:2      | Reached skill level 5 in Air Magic
  1340 | D:2      | Reached XP level 4. HP: 24/24 MP: 0/8
  1429 | D:2      | Found a white marble altar of Elyvilon.
  2079 | D:3      | Found a blossoming altar of Fedhas.
  2193 | D:3      | Gained mutation: You can fly. [Tengu growth]
  2193 | D:3      | Reached XP level 5. HP: 28/28 MP: 5/9
  2776 | D:3      | You fall through a shaft!
  2905 | D:4      | Noticed Duvessa
  2905 | D:4      | Noticed Dowan
  3046 | D:4      | Slain by Duvessa

Vault maps used:
D:1:      zelgadis_glass_arrival_large, minmay_misc_feat_roman
D:2:      wad_crossroads, elyvilon_altar_4, minitemple
D:3:      fedhas_altar_fruit_tree
D:4:      uniq_duvessa, uniq_edmund

Action                   |  1- 3 |  4- 6 || total
-------------------------+-------+-------++-------
Melee: Unarmed           |     7 |       ||     7
       Whip              |    39 |    25 ||    64
 Cast: Shock             |    47 |    69 ||   116
  Use: Scroll            |       |     3 ||     3
 Stab: Sleeping          |     4 |       ||     4
       Distracted        |     1 |       ||     1
  Eat: Chunk             |     2 |     5 ||     7
       Meat ration       |       |     1 ||     1
